 Dungeon Crawl Stone Soup version 0.27.1 (webtiles) character file.

Game seed: 1911365138452231317

1255 ZARRMARR the Sneak (level 8, 0/54 HPs)
             Began as an Octopode Transmuter on Sept 1, 2021.
             Slain by Duvessa (12 damage)
             ... on level 6 of the Dungeon on Sept 2, 2021.
             The game lasted 00:40:44 (11024 turns).

ZARRMARR the Sneak (Octopode Transmuter)           Turns: 11024, Time: 00:40:44

Health: 0/54       AC:  1    Str:  9    XL:     8   Next: 51%
Magic:  11/11      EV: 14    Int: 18    God:
Gold:   295        SH:  0    Dex: 12    Spells: 10/11 levels left

rFire    . . .     SeeInvis .     - Unarmed
rCold    . . .     Faith    .   (no shield)
rNeg     . . .     Spirit   .   (helmet currently unavailable)
rPois    .         Reflect  .   (no amulet)
rElec    .         Harm     .   q - ring of resist corrosion
rCorr    +         Rampage  .   (no ring)
Will     .....                  (no ring)
Stlth    +++++.....             (no ring)
HPRegen  0.18/turn              (no ring)
MPRegen  0.12/turn              (no ring)
                                (no ring)
                                (no ring)

@: appendages (expiring)
A: tentacle spike 3, almost no armour, amphibious, 8 rings, camouflage 1,
gelatinous body 1, (nimble swimmer 1), tentacles
a: End Transformation


You were on level 6 of the Dungeon.
One of your tentacles had grown a beastly spike.
You visited 1 branch of the dungeon, and saw 7 of its levels.

You collected 295 gold pieces.

Inventory:

Jewellery
 h - an amulet of faith
 k - a ring of magical power
 q - a ring of resist corrosion (left tentacle)
Scrolls
 d - 4 scrolls of vulnerability
 j - a scroll of torment
 l - a scroll of magic mapping
 m - a scroll of immolation
Potions
 b - a potion of resistance {unknown}
 e - a potion of brilliance {unknown}
 f - a potion of might {unknown}
 g - 2 potions of attraction
 i - a potion of berserk rage {unknown}
 n - a potion of invisibility {unknown}
 r - a potion of flight {unknown}


   Skills:
 * Level 3.8 Fighting
 * Level 4.7 Dodging
 * Level 7.7 Stealth
 + Level 6.6 Unarmed Combat
 - Level 2.0 Spellcasting
 - Level 2.0 Transmutations


You had 10 spell levels left.
You knew the following spells:

 Your Spells              Type           Power      Damage    Failure   Level
a - Beastly Appendage     Tmut           18%        N/A       8%          1

Your spell library contained the following spells:

 Spells                   Type           Power      Damage    Failure   Level
 Wereblood                Tmut           9%         N/A       12%         2
 Animate Skeleton         Necr           2%         N/A       19%         1
 Pain                     Necr           4%         1d4       19%         1
 Summon Small Mammal      Summ           4%         N/A       19%         1
 Static Discharge         Conj/Air       1%         N/A       26%         2
 Spider Form              Tmut/Pois      2%         N/A       34%         3
 Call Canine Familiar     Summ           1%         N/A       47%         3
 Frozen Ramparts          Ice            2%         1d2       47%         3
 Summon Guardian Golem    Hex/Summ       1%         N/A       47%         3
 Vampiric Draining        Necr           0%         2d6       47%         3
 Ice Form                 Ice/Tmut       5%         N/A       75%         4
 Summon Ice Beast         Ice/Summ       1%         N/A       87%         4
 Lightning Bolt           Conj/Air       0%         1d11      99%         5
 Maxwell's Capacitive Co  Air            0%         ∞         100%        8


Dungeon Overview and Level Annotations

Branches:
Dungeon (7/15)
 Temple: D:4-7

Altars:
Elyvilon
Kikubaaqudgha
Makhleb
The Shining One

Annotations:
D:6 Duvessa, Menkaure


Innate Abilities, Weirdness & Mutations

One of your tentacles has grown a beastly spike.
You cannot wear most types of armour.
You are amphibious.
You can wear up to eight rings at the same time.
Your skin changes colour to match your surroundings (Stealth+).
Your rubbery body absorbs attacks. (AC +1, EV +1)
((You are camouflaged near water. (Stealth+)))
You have tentacles for arms and can constrict up to eight enemies at once.


Message History

Duvessa is lightly wounded.
You constrict Duvessa. Duvessa hits you with a +0 short sword!
You tentacle-slap Duvessa but do no damage.
Duvessa is lightly wounded.
You constrict Duvessa. Duvessa barely misses you. x2
Unknown command.
You release your grip on Duvessa.
Duvessa barely misses you. Duvessa completely misses you.
You see here a +0 war axe.
You feel much better. Duvessa barely misses you.
You barely miss Duvessa. You grab Duvessa.
Duvessa is lightly wounded.
You constrict Duvessa, but do no damage.
Duvessa hits you with a +0 short sword! x2
You feel much better.
You constrict Duvessa. Duvessa misses you.
You bludgeon Duvessa!
You pierce Duvessa, but do no damage.
Duvessa is moderately wounded.
You constrict Duvessa. Duvessa hits you with a +0 short sword.
You tentacle-slap Duvessa.
You pierce Duvessa.
You squeeze Duvessa, but do no damage.
Duvessa is moderately wounded.
You constrict Duvessa. Duvessa closely misses you.
Duvessa hits you with a +0 short sword.
You tentacle-slap Duvessa. You squeeze Duvessa.
Duvessa is heavily wounded.
You constrict Duvessa. Duvessa closely misses you.
You tentacle-slap Duvessa.
Duvessa is heavily wounded.
Your transformation is almost over.
You constrict Duvessa.
Duvessa hits you with a +0 short sword! x2
* * * LOW HITPOINT WARNING * * *
You tentacle-slap Duvessa.
Duvessa is severely wounded.
You constrict Duvessa. Duvessa barely misses you.
You tentacle-slap Duvessa but do no damage.
You pierce Duvessa, but do no damage.
Duvessa is severely wounded.
You constrict Duvessa, but do no damage.
Duvessa hits you with a +0 short sword!
You die...

###.##.#########.#
..#.#..........#.#
#.#.#..#<....#.#.#
#.#.#..#####.#.#.#..
#.#.#..........#.#.#
#.#.#..........#.#.#
#.#............#.#.#
...................#
..#..#########.#@#.#
###..####### #.#e#.##
..#........#♣#.#l...#
#.♣≈.......♣P♣.####.#
..♣.≈...).≈≈≈≈≈. ...
#.≈≈≈.....≈≈≈≈♣.
.....
#.≈≈≈.....♣PP≈≈♣
#..###
#..≈......≈≈≈≈≈ #.#
#.#...♣...≈≈≈≈P ..


You could see Duvessa (berserk) and an iguana.

Vanquished Creatures
  Edmund (D:6)
  A necrophage (D:6)
  A phantom (D:5)
  2 scorpions
  Dowan (D:6)
  2 water moccasin skeletons (D:5)
  A howler monkey (D:6)
  A jelly (D:6)
  3 hounds
  2 gnoll shamans
  4 orc priests
  A bullfrog skeleton (D:2)
  An iguana (D:4)
  2 hound skeletons (D:4)
  9 gnolls
  11 adders
  6 worms
  2 dart slugs
  15 orcs
  7 ball pythons
  7 endoplasms
  8 giant cockroaches
  4 goblins
  4 hobgoblins
  2 jackals (D:3)
  3 quokkas
  6 bats
  4 frilled lizards
  8 kobolds
  8 rats
127 creatures vanquished.

Vanquished Creatures (others)
  16 plants (D:6)
16 creatures vanquished.

Grand Total: 143 creatures vanquished

Notes
Turn   | Place    | Note
-------+----------+-------------------------------------------
     0 | D:1      | ZARRMARR the Octopode Transmuter began the quest for the
                  | Orb.
     0 | D:1      | Reached XP level 1. HP: 13/13 MP: 3/3
   636 | D:1      | Reached XP level 2. HP: 14/18 MP: 3/5
   798 | D:1      | Reached skill level 1 in Stealth
  1236 | D:1      | Reached XP level 3. HP: 23/23 MP: 4/6
  1572 | D:1      | Found a faded altar of an unknown god.
  2207 | D:2      | Reached skill level 2 in Stealth
  2207 | D:2      | Reached XP level 4. HP: 16/29 MP: 5/7
  2770 | D:2      | Reached skill level 3 in Stealth
  3315 | D:3      | Reached XP level 5. HP: 28/34 MP: 6/8
  4223 | D:3      | Reached skill level 4 in Stealth
  5373 | D:4      | Reached XP level 6. HP: 40/40 MP: 9/9
  5844 | D:4      | Reached skill level 5 in Stealth
  7253 | D:4      | Reached skill level 5 in Unarmed Combat
  7316 | D:4      | Reached XP level 7. HP: 41/45 MP: 10/10
  7471 | D:5      | Entered Level 5 of the Dungeon
  7486 | D:5      | Reached skill level 6 in Stealth
  9709 | D:5      | Found a glowing golden altar of the Shining One.
 10003 | D:6      | Noticed Edmund
 10076 | D:6      | Noticed Menkaure
 10093 | D:6      | Reached XP level 8. HP: 29/52 MP: 9/11
 10292 | D:6      | Reached skill level 7 in Stealth
 10437 | D:7      | Noticed a yak
 10445 | D:6      | Killed Edmund
 10618 | D:6      | Found a white marble altar of Elyvilon.
 10620 | D:6      | Found an ancient bone altar of Kikubaaqudgha.
 10711 | D:6      | Found a burning altar of Makhleb.
 10756 | D:6      | Noticed Dowan
 10758 | D:6      | Noticed Duvessa
 10786 | D:6      | Killed Dowan
 11024 | D:6      | Slain by Duvessa

Illustrated notes

Levels and vault maps discovered:
D:1:      minmay_arrival_up_and_down, layout_loops_corners,
          shapermc_ecumenical_altar_petra, minmay_tromino_mix6
D:2:      layout_loops_cross, minmay_distorted
D:3:      layout_loops_ring, grunt_ministairs_13, kennysheep_generic_room_7
D:4:      layout_rooms, hangedman_decor_slide_cut
D:5:      layout_basic, nicolae_tso_carved_into_rock, serial_park_tiny_1
D:6:      layout_basic, mainiacjoe_overflow_big_doors,
          nicolae_hepliaklqana_hippocampus, makhleb_heckhound_becter,
          serial_bayou, serial_bayou_ford_a, serial_bayou_pond_e,
          serial_bayou_pond_c, serial_bayou_pond_d, st_stairs_12,
          kennysheep_generic_room_16, uniq_edmund, uniq_menkaure,
          uniq_eustachio, uniq_duvessa
D:7:      layout_loops_cross, nicolae_dithmenos_shadow_blocks,
          minmay_temple_entry_glass, grunt_ogre_cave, patterned_corridor,
          uniq_joseph

Skill      XL: |  1  2  3  4  5  6  7  8 |
---------------+-------------------------+-----
Stealth        | 1 2 3 4 5 6 7 |  7.7
Fighting       | 2 3 |  3.8
Unarmed Combat | 4 5 6 |  6.6
Dodging        | 3 4 |  4.7
Spellcasting   | |  2.0
Transmutations | |  2.0

Action                   |  1- 3 |  4- 6 |  7- 9 || total
-------------------------+-------+-------+-------++-------
Melee: Unarmed           |    61 |   187 |   142 ||   390
       Constrict         |    17 |    47 |    30 ||    94
       Kick              |    16 |    40 |    49 ||   105
       Tentacles         |     6 |    33 |    20 ||    59
       Punch             |       |     3 |     7 ||    10
Throw: Boomerang         |       |     7 |     9 ||    16
       Throwing net      |       |       |     5 ||     5
 Cast: Beastly Appendage |    22 |    63 |    39 ||   124
  Use: Scroll            |     5 |     4 |     4 ||    13
       Potion            |       |       |     2 ||     2
 Stab: Sleeping          |     7 |    12 |     5 ||    24
       Held in net/web   |       |       |     2 ||     2
       Distracted        |       |       |     1 ||     1
Armor: Skin              |     6 |     7 |     4 ||    17
Dodge: Dodged            |    25 |   104 |    64 ||   193
